AoeStats
← bluismer

Coastal Forest

510450836Analyzed
4v4 RM · 1d ago on Oct 1, 2026· 36m 14s· 8 players
Game mode
Random Map
Map size
Large (8 player)
Population
200
Speed
Normal
Resources
Standard
Victory
Conquest
Starting age
Dark Age
Ending age
Imperial Age
RankedLock teamsTeams togetherTeam positionsShared explorationLock speedFull tech treeHidden civsTurbo modeCheats
Victory
Defeat
🇺🇸 Huns · United States
676
+13
🇭🇰 Varangians · Hong Kong SAR China
436
+23
🇬🇹 Chinese · Guatemala
428
+23
🇨🇳 Wei · China
398
+24
🇨🇴 Britons · Colombia
732
-50
🇧🇷 Franks · Brazil
692
-24
🇧🇷 Persians · Brazil
571
-20
🇻🇪 Portuguese · Venezuela
407
-13
今天是魔王
0:41 Loom
14:59 Feudal Age
16:19 Double-Bit Axe
17:27 Wheelbarrow
16:39 Fishing Lines
17:59 Gold Mining
21:07 Horse Collar
27:43 Castle Age
26:39 Fletching
26:56 Stone Mining
32:08 Husbandry
32:19 Bloodlines
31:32 Light Cavalry
32:32 Treadmill Crane
33:13 Ballistics
32:49 Murder Holes
34:25 Caravan
35:38 Stone Shaft Mining
Mase of Spades
6:05 Loom
11:35 Feudal Age
12:37 Double-Bit Axe
13:53 Stone Mining
20:09 Bloodlines
21:10 Gold Mining
30:12 Castle Age
35:24 Horse Collar
JoseTan7238
2:10 Loom
13:17 Feudal Age
15:14 Wheelbarrow
16:07 Double-Bit Axe
16:09 Horse Collar
19:51 Arson
19:27 Man-at-Arms
24:27 Castle Age
23:23 Bloodlines
25:45 Heavy Plow
26:22 Husbandry
25:43 Light Cavalry
27:55 Bow Saw
29:02 Squires
28:23 Pikeman
28:24 Long Swordsman
32:31 Thumb Ring
31:47 Crossbowman
31:48 Elite Skirmisher
33:01 Hand Cart
38:40 Imperial Age
Elite Savage
10:26 Feudal Age
10:57 Fishing Lines
11:06 Double-Bit Axe
11:03 Horse Collar
11:14 Gold Mining
11:50 Stone Mining
17:06 Castle Age
17:00 Wheelbarrow
18:04 Bow Saw
17:53 Gillnets
18:11 Heavy Plow
20:23 Gold Shaft Mining
21:38 Stone Shaft Mining
21:56 Hand Cart
23:12 Loom
26:01 Forging
25:56 Scale Barding Armor
26:00 Tuntian
28:34 Imperial Age
26:43 Bloodlines
26:33 Husbandry
27:30 Iron Casting
28:02 Chain Barding Armor
30:19 Blast Furnace
29:53 Conscription
29:49 Town Watch
30:45 Crop Rotation
29:40 Elite Tiger Cavalry
31:06 Ming Guang Armor
34:29 Fletching
36:10 Spies/Treason
Kenet
0:49 Loom
12:24 Feudal Age
14:01 Wheelbarrow
13:11 Town Watch
24:38 Castle Age
26:31 Town Patrol
26:09 Crossbowman
31:14 Padded Archer Armor
31:05 Fletching
30:47 Pikeman
31:28 Squires
36:11 Imperial Age
34:02 Hand Cart
Zhukov
1:19 Loom
16:42 Feudal Age
21:04 Castle Age
22:03 Double-Bit Axe
25:30 Wheelbarrow
24:41 Town Watch
30:57 Caravan
36:21 Imperial Age
lula2026
0:32 Loom
14:44 Feudal Age
15:36 Town Watch
20:02 Castle Age
17:56 Horse Collar
21:04 Heavy Plow
bluismer
1:48 Loom
12:40 Feudal Age
21:24 Castle Age
28:38 Stone Mining
28:41 Gold Mining
31:30 Pikeman
31:55 Gambesons
Connection lost

Rejoining the realm…

Still unreachable

The connection could not be restored.

Session expired

The server has moved on; the page needs a fresh start.